General information
- name: BNet
- type: Ladder team game (AT/RT)
- host: Battle.net
- saver: PLEASEDONTGO
map: PhantomGrove
- players: 4
- length: 21:28
- speed: Fast
- version: 1.23 W3XP
- replay type: Public
» download(122 KB)
Players
team 1 (loser)
Big_Ant (
purple | 86 APM | 1837 actions | 21:26)
4 Archmage
2 Summon Water Elemental
2 Brilliance Aura
2 Mountain King
1 Storm Bolt
1 Bash
» actions
| Assign group hotkey | 28 | |
| Basic commands | 53 | |
| Build / train | 68 | |
| ESC pressed | 9 | |
| Enter build submenu | 19 | |
| Enter hero's abilities submenu | 6 | |
| Give item / drop item | 5 | |
| Right click | 682 | |
| Select / deselect | 294 | |
| Select group hotkey | 591 | |
| Use ability | 82 | |
1837 total
» units
| Peasant | 11 | |
| Footman | 3 | |
| Rifleman | 10 | |
| Sorceress | 5 | |
| Mortar Team | 5 | |
| Spell Breaker | 4 | |
| Flying Machine | 2 | |
40 total
» buildings
| Altar of Kings | 1 | |
| Farm | 9 | |
| Barracks | 1 | |
| Blacksmith | 1 | |
| Keep | 1 | |
| Town Hall | 2 | |
| Arcane Vault | 1 | |
| Lumber Mill | 1 | |
| Arcane Sanctum | 1 | |
| Workshop | 1 | |
| Scout Tower | 6 | |
| Guard Tower | 2 | |
| Cannon Tower | 2 | |
| Arcane Tower | 1 | |
30 total
» build order
00:21 Altar of Kings
00:36 Farm
00:53 Barracks
01:07 Farm
01:41 Farm
02:11 Blacksmith
02:19 Farm
03:04 Keep
04:29 Town Hall
04:57 Arcane Vault
05:03 Lumber Mill
05:56 Arcane Sanctum
06:50 Workshop
07:43 Scout Tower
07:45 Scout Tower
07:48 Scout Tower
08:25 Farm
08:25 Farm
08:27 Farm
09:23 Guard Tower
09:24 Cannon Tower
09:26 Arcane Tower
09:57 Farm
09:58 Farm
11:11 Scout Tower
11:12 Scout Tower
11:13 Scout Tower
12:01 Guard Tower
12:31 Cannon Tower
16:06 Town Hall
» items
| Scroll of Regeneration | 1 | |
| Potion of Healing | 6 | |
| Scroll of Town Portal | 2 | |
| Boots of Speed | 1 | |
| Potion of Lesser Invulnerability | 1 | |
| Scroll of Healing | 1 | |
12 total
TuMaTu. (
blue | 165 APM | 3532 actions | 21:21)
4 Blademaster
2 Wind Walk
2 Critical Strike
4 Tauren Chieftain
2 War Stomp
2 Endurance Aura
» actions
| Assign group hotkey | 50 | |
| Basic commands | 335 | |
| Build / train | 101 | |
| ESC pressed | 3 | |
| Enter build submenu | 22 | |
| Enter hero's abilities submenu | 9 | |
| Give item / drop item | 3 | |
| Right click | 1024 | |
| Select / deselect | 568 | |
| Select group hotkey | 1287 | |
| Use ability | 129 | |
3532 total
» units
| Peon | 16 | |
| Grunt | 8 | |
| Raider | 4 | |
| Spirit Walker | 2 | |
| Kodo Beast | 1 | |
| Tauren | 2 | |
| Troll Batrider | 2 | |
35 total
» upgrades
| Armor | 3 | |
| Ensnare | 1 | |
| Melee Weapons | 2 | |
| Berserker Strength | 1 | |
| Spirit Walker Training | 1 | |
| Pulverize | 1 | |
9 total
» buildings
| Altar of Storms | 1 | |
| Orc Burrow | 7 | |
| Barracks | 1 | |
| Voodoo Lounge | 1 | |
| Stronghold | 1 | |
| War Mill | 1 | |
| Beastiary | 1 | |
| Spirit Lodge | 1 | |
| Fortress | 7 | |
| Tauren Totem | 3 | |
| Great Hall | 1 | |
25 total
» build order
00:14 Altar of Storms
00:21 Orc Burrow
00:39 Barracks
01:37 Orc Burrow
01:57 Voodoo Lounge
03:09 Stronghold
03:30 War Mill
04:02 Orc Burrow
05:40 Beastiary
05:43 Spirit Lodge
08:37 Orc Burrow
08:38 Fortress
08:38 Fortress
08:39 Fortress
08:39 Fortress
10:49 Orc Burrow
12:34 Tauren Totem
12:36 Tauren Totem
12:37 Tauren Totem
13:43 Great Hall
16:18 Orc Burrow
16:21 Orc Burrow
» items
| Healing Salve | 4 | |
| Lesser Clarity Potion | 3 | |
| Scroll of Town Portal | 1 | |
| Potion of Lesser Invulnerability | 1 | |
| Orb of Lightning | 5 | |
| Scroll of Speed | 1 | |
| Scroll of Healing | 1 | |
16 total
team 2 (winner)
DR.OCTAGON (
pink | 94 APM | 2019 actions | 21:27)
5 Death Knight
3 Death Coil
2 Unholy Aura
4 Lich
2 Frost Nova
2 Frost Armor
» actions
| Assign group hotkey | 23 | |
| Basic commands | 111 | |
| Build / train | 85 | |
| ESC pressed | 5 | |
| Enter build submenu | 23 | |
| Enter hero's abilities submenu | 9 | |
| Give item / drop item | 5 | |
| Remove unit from queue | 5 | |
| Right click | 958 | |
| Select / deselect | 279 | |
| Select group hotkey | 409 | |
| Use ability | 107 | |
2019 total
» units
| Acolyte | 14 | |
| Ghoul | 3 | |
| Crypt Fiend | 9 | |
| Frost Wyrm | 6 | |
| Obsidian Statue | 1 | |
33 total
» upgrades
| Creature Attack | 3 | |
| Destroyer Form | 1 | |
| Creature Carapace | 1 | |
5 total
» buildings
| Graveyard | 1 | |
| Crypt | 1 | |
| Altar of Darkness | 1 | |
| Ziggurat | 9 | |
| Tomb of Relics | 1 | |
| Nerubian Tower | 2 | |
| Halls of the Dead | 1 | |
| Spirit Tower | 5 | |
| Black Citadel | 3 | |
| Sacrificial Pit | 1 | |
| Boneyard | 2 | |
| Slaughterhouse | 1 | |
28 total
» build order
00:09 Graveyard
00:20 Crypt
00:44 Altar of Darkness
00:57 Ziggurat
01:28 Tomb of Relics
02:09 Ziggurat
02:10 Nerubian Tower
04:31 Halls of the Dead
04:39 Ziggurat
04:41 Ziggurat
05:39 Spirit Tower
07:18 Black Citadel
07:18 Black Citadel
08:26 Sacrificial Pit
08:34 Spirit Tower
09:47 Boneyard
10:11 Ziggurat
10:43 Spirit Tower
14:03 Ziggurat
14:04 Ziggurat
14:51 Boneyard
15:23 Ziggurat
15:24 Ziggurat
15:52 Slaughterhouse
16:08 Spirit Tower
16:18 Spirit Tower
» items
| Rod of Necromancy | 2 | |
| Potion of Healing | 2 | |
| Scroll of Town Portal | 4 | |
| Dust of Appearance | 1 | |
| Orb of Corruption | 4 | |
| Scroll of Healing | 1 | |
| Potion of Mana | 1 | |
15 total
PLEASEDONTGO (
yellow | 41 APM | 879 actions | 21:28)
2 Paladin
1 Divine Shield
1 Devotion Aura
» actions
| Assign group hotkey | 7 | |
| Basic commands | 1 | |
| Build / train | 99 | |
| Enter build submenu | 50 | |
| Enter hero's abilities submenu | 2 | |
| Give item / drop item | 1 | |
| Remove unit from queue | 5 | |
| Right click | 341 | |
| Select / deselect | 255 | |
| Select group hotkey | 9 | |
| Use ability | 109 | |
879 total
» units
| Peasant | 21 | |
| Mortar Team | 2 | |
| Sorceress | 1 | |
24 total
» upgrades
| Masonry | 3 | |
| Gunpowder | 3 | |
| Magic Sentry | 1 | |
| Sorceress Training | 1 | |
| Fragmentation Shards | 1 | |
| Flare | 1 | |
10 total
» buildings
| Altar of Kings | 1 | |
| Farm | 7 | |
| Lumber Mill | 1 | |
| Scout Tower | 61 | |
| Arcane Tower | 8 | |
| Guard Tower | 40 | |
| Town Hall | 8 | |
| Keep | 2 | |
| Arcane Vault | 2 | |
| Blacksmith | 1 | |
| Arcane Sanctum | 1 | |
| Castle | 1 | |
| Workshop | 2 | |
135 total
» build order
00:08 Altar of Kings
00:27 Farm
00:42 Lumber Mill
01:02 Scout Tower
01:30 Arcane Tower
01:38 Farm
02:08 Scout Tower
02:28 Scout Tower
02:29 Scout Tower
02:31 Scout Tower
02:33 Scout Tower
02:38 Arcane Tower
02:39 Arcane Tower
03:03 Guard Tower
03:30 Scout Tower
03:31 Scout Tower
03:35 Scout Tower
03:36 Scout Tower
03:38 Scout Tower
03:38 Scout Tower
03:41 Scout Tower
03:48 Guard Tower
03:48 Guard Tower
04:07 Guard Tower
04:24 Guard Tower
04:26 Guard Tower
04:26 Guard Tower
04:31 Farm
04:55 Guard Tower
04:55 Guard Tower
05:48 Town Hall
05:53 Scout Tower
05:55 Scout Tower
05:56 Scout Tower
05:57 Scout Tower
05:58 Scout Tower
05:59 Scout Tower
06:00 Scout Tower
06:02 Scout Tower
06:03 Scout Tower
06:05 Scout Tower
06:08 Scout Tower
06:20 Arcane Tower
06:21 Arcane Tower
06:23 Guard Tower
06:52 Guard Tower
07:20 Guard Tower
07:42 Guard Tower
08:07 Guard Tower
08:32 Keep
08:32 Keep
08:37 Arcane Vault
08:41 Blacksmith
08:49 Town Hall
09:01 Scout Tower
09:02 Scout Tower
09:03 Scout Tower
09:04 Scout Tower
09:05 Scout Tower
09:06 Scout Tower
09:07 Scout Tower
09:08 Scout Tower
09:09 Scout Tower
09:40 Town Hall
09:43 Scout Tower
09:44 Scout Tower
09:45 Scout Tower
09:46 Scout Tower
09:48 Scout Tower
09:50 Scout Tower
09:51 Scout Tower
09:52 Scout Tower
09:54 Scout Tower
09:55 Scout Tower
09:56 Scout Tower
09:58 Scout Tower
10:15 Guard Tower
10:15 Guard Tower
10:17 Arcane Tower
10:40 Guard Tower
10:43 Guard Tower
10:43 Guard Tower
10:49 Town Hall
11:09 Guard Tower
11:09 Guard Tower
11:36 Scout Tower
11:37 Scout Tower
11:39 Scout Tower
11:39 Scout Tower
11:40 Scout Tower
11:41 Scout Tower
11:42 Scout Tower
11:43 Scout Tower
11:57 Arcane Sanctum
12:01 Castle
12:05 Guard Tower
12:10 Arcane Tower
12:10 Arcane Tower
12:13 Guard Tower
12:14 Guard Tower
12:46 Guard Tower
12:55 Scout Tower
12:56 Scout Tower
12:57 Scout Tower
12:58 Scout Tower
12:59 Scout Tower
13:20 Guard Tower
13:20 Guard Tower
13:39 Guard Tower
13:59 Guard Tower
14:00 Guard Tower
14:22 Guard Tower
14:22 Guard Tower
14:53 Workshop
14:54 Workshop
15:05 Guard Tower
15:06 Guard Tower
15:06 Guard Tower
16:12 Guard Tower
16:15 Scout Tower
16:16 Scout Tower
16:17 Scout Tower
16:41 Town Hall
16:49 Town Hall
18:22 Guard Tower
18:25 Town Hall
19:07 Town Hall
20:50 Farm
20:50 Arcane Vault
20:52 Farm
20:53 Farm
20:55 Farm
» items
| Boots of Speed | 2 | |
| Scroll of Regeneration | 1 | |
| Periapt of Vitality | 1 | |
| Staff of Teleportation | 1 | |
5 total
Chat log
(00:23 / Allies) DR.OCTAGON: its really weird
(00:25 / Allies) DR.OCTAGON: having it be 7am almost
(00:29 / Allies) DR.OCTAGON: and already been up for 3 hours
(00:31 / Allies) DR.OCTAGON: kinda fun
(00:38 / Allies) DR.OCTAGON: in a way, because im fully woken up
(00:39 / Allies) PLEASEDONTGO: o_O
(00:40 / Allies) DR.OCTAGON: for classes now
(00:50 / Allies) DR.OCTAGON: which i really dont want to go to
(00:55 / Allies) DR.OCTAGON: but they are the last classes before finals
(01:30 / Allies) DR.OCTAGON: ARE YOU OK
(01:34 / Allies) DR.OCTAGON: woops
(01:37 / Allies) DR.OCTAGON: caaaaaaaaappps
(01:54 / Allies) PLEASEDONTGO: yes
(02:03 / Allies) DR.OCTAGON: good to hear
(03:12 / Allies) DR.OCTAGON: Arius
(03:50 / Allies) DR.OCTAGON: fuck
(03:52 / Allies) DR.OCTAGON: they arent dumb
(04:03 / Allies) DR.OCTAGON: wow dang
(04:08 / Allies) DR.OCTAGON: never seen such aggresive creeping
(04:10 / Allies) DR.OCTAGON: of my expo
(04:10 / Allies) DR.OCTAGON: christ
(06:39 / Allies) DR.OCTAGON: shawp
(06:41 / Allies) DR.OCTAGON: plz love
(06:46 / Allies) PLEASEDONTGO: what?
(06:52 / Allies) DR.OCTAGON: shawwppp make a shawwp
(06:58 / Allies) DR.OCTAGON: need ur special healing powas
(06:59 / Allies) PLEASEDONTGO: ............
(07:10 / Allies) DR.OCTAGON: erm
(07:12 / Allies) DR.OCTAGON: alright then
(07:15 / Allies) PLEASEDONTGO: ?
(09:26 / Allies) DR.OCTAGON: eep
(13:11 / Allies) PLEASEDONTGO: man
(13:16 / Allies) PLEASEDONTGO: they cookie cut so hard
(14:40 / Allies) DR.OCTAGON: gold me before i busty
(14:43 / Allies) DR.OCTAGON: upeek
(15:32 / Allies) DR.OCTAGON: get his am again
(17:35 / Allies) DR.OCTAGON: hi
(18:28 / Allies) PLEASEDONTGO: i know
(18:35 / Allies) PLEASEDONTGO: i pinged 2 minutes ao
(18:38 / Allies) DR.OCTAGON: -_-
(18:52 / Allies) DR.OCTAGON: jez
(20:35 / Allies) DR.OCTAGON: GOLD